AoeStats
← owen!

Arabia

509469012Analyzed
1v1 RM · 4d ago on Sep 26, 2026· 57m 46s· 2 players
Game mode
Random Map
Map size
Tiny (2 player)
Population
200
Speed
Normal
Resources
Standard
Victory
Conquest
Starting age
Dark Age
Ending age
Imperial Age
RankedLock teamsTeams togetherTeam positionsShared explorationLock speedFull tech treeHidden civsTurbo modeCheats
Victory
Defeat
🇨🇦 Bohemians · Canada
535
+15
🇺🇸 Vikings · United States
509
-15
Haggs
5:25 Loom
12:39 Feudal Age
17:54 Double-Bit Axe
23:04 Castle Age
25:20 Bow Saw
24:54 Elite Skirmisher
26:58 Fletching
32:53 Bodkin Arrow
32:58 Padded Archer Armor
41:03 Forging
40:53 Scale Mail Armor
43:49 Iron Casting
43:30 Chain Mail Armor
45:33 Chieftains
owen!
13:36 Feudal Age
14:13 Double-Bit Axe
15:29 Wheelbarrow
21:30 Horse Collar
23:54 Castle Age
24:56 Fletching
25:07 Padded Archer Armor
24:38 Pikeman
25:34 Bow Saw
25:12 Crossbowman
27:16 Heavy Plow
28:03 Loom
28:34 Hand Cart
31:06 Wagenburg Tactics
33:31 Town Watch
34:01 Bodkin Arrow
39:14 Imperial Age
39:32 Husbandry
38:53 Light Cavalry
40:27 Ballistics
41:09 Chemistry
40:12 Bracer
40:18 Scale Barding Armor
40:28 Capped Ram
41:28 Cavalier
45:08 Elite Hussite Wagon
45:52 Murder Holes
45:44 Arrowslits
48:19 Town Patrol
52:55 Chain Barding Armor
52:48 Forging
55:52 Iron Casting
55:19 Scale Mail Armor
Connection lost

Rejoining the realm…

Still unreachable

The connection could not be restored.

Session expired

The server has moved on; the page needs a fresh start.